 Dungeon Crawl Stone Soup version 0.27-a0-1188-g73eefd5def (webtiles) character file.

Game seed: 16816318834377539339

1400 bjtr the Conjurer (level 8, -1/48 HPs)
             Began as a Gargoyle Conjurer on May 21, 2021.
             Shot with an arrow by a centaur (2 damage)
             ... on level 6 of the Dungeon.
             The game lasted 00:26:57 (6338 turns).

bjtr the Conjurer (Gargoyle Conjurer)               Turns: 6338, Time: 00:26:58

Health: -1/48      AC:  9    Str: 10    XL:     8   Next: 69%
Magic:  14/14      EV: 11    Int: 22    God:
Gold:   237        SH:  0    Dex: 10    Spells: 12/15 levels left

rFire    . . .     SeeInvis .   a - +7 war axe of Wefummots {freeze, rCorr Dex+2}
rCold    . . .     Faith    .   (no shield)
rNeg     + + .     Spirit   .   l - +0 leather armour
rPois    ∞         Reflect  .   (no helmet)
rElec    +         Harm     .   (no cloak)
rCorr    +         Rampage  .   (no gloves)
Will     .....                  (no boots)
Stlth    ++........             (no amulet)
HPRegen  0.16/turn              x - ring of positive energy
MPRegen  0.14/turn              (no ring)

@: attractive
A: sickness immunity, AC +5, negative energy resistance 1, electricity
resistance, torment resistance 1, petrification resistance
a: no special abilities


You were on level 6 of the Dungeon.
You visited 1 branch of the dungeon, and saw 6 of its levels.

You collected 237 gold pieces.

Inventory:

Hand Weapons
 a - the +7 war axe of Wefummots (weapon) {freeze, rCorr Dex+2}
   (You took it off a kobold on level 4 of the Dungeon)

   It has been specially enchanted to freeze those struck by it, causing extra
   injury to most foes and up to half again as much damage against particularly
   susceptible opponents.
   It can also slow down cold-blooded creatures.
   It affects your dexterity (+2).
   It protects you from acid and corrosion.
 b - a +0 dagger of draining
 f - a +3 short sword
 g - a +2 short sword of holy wrath
 h - a +3 spear of freezing
 m - a +2 vorpal mace
 n - a +3 flail
 t - a +2 dagger of flaming
 A - a +2 spear of pain
Missiles
 e - 141 stones
 i - 33 poisoned darts
 j - a throwing net
 o - 2 boomerangs
Armour
 l - a +0 leather armour (worn)
 v - a +0 robe
Jewellery
 x - a ring of positive energy (left hand)
Wands
 k - a wand of mindburst (14)
Scrolls
 d - a scroll of teleportation
 y - a scroll of noise {unknown}
 z - a scroll of brand weapon {unknown}
Potions
 p - a potion of might
 q - a potion of lignification {unknown}
 r - a potion of flight {unknown}
 s - a potion of curing {unknown}
 u - 2 potions of haste {unknown}
 w - a potion of resistance {unknown}


   Skills:
 + Level 4.0 Fighting
 - Level 0.9 Short Blades
 * Level 4.2 Axes
 + Level 3.2 Armour
 + Level 2.8 Dodging
 + Level 4.0 Stealth
 * Level 4.1 Spellcasting
 * Level 6.8 Conjurations


You had 12 spell levels left.
You knew the following spells:

 Your Spells              Type           Power      Damage    Failure   Level
a - Magic Dart            Conj           100%       1d8       1%          1
b - Searing Ray           Conj           68%        3d5       1%          2

Your spell library contained the following spells:

 Spells                   Type           Power      Damage    Failure   Level
 Shock                    Conj/Air       76%        1d7       3%          1
 Static Discharge         Conj/Air       19%        N/A       5%          2
 Dazzling Flash           Conj/Hex       38%        N/A       11%         3
 Fulminant Prism          Conj/Hex       9%         3d7       34%         4
 Iskenderun's Mystic Bla  Conj/Tloc      19%        2d6       34%         4
 Swiftness                Air            4%         N/A       41%         3
 Lightning Bolt           Conj/Air       9%         1d22      69%         5
 Airstrike                Air            2%         N/A       82%         4


Dungeon Overview and Level Annotations

Branches:
Dungeon (6/15)
 Temple: D:4-7

Altars:
Dithmenos
Trog
Uskayaw
Yredelemnul
The Shining One

Shops:
D:4 (


Innate Abilities, Weirdness & Mutations

You are immune to sickness and miasma.
Your stone body is resilient. (AC +5)
You are immune to poison.
You resist negative energy. (rN+)
You are resistant to electric shocks. (rElec)
You are resistant to unholy torment.
You are immune to petrification.


Message History

The centaur wields a +0 shortbow.
The centaur shoots an arrow.
The arrow hits you.
The centaur wields a +0 shortbow.
The centaur shoots an arrow.
The arrow hits you.
A centaur comes into view.
Found 11 gold pieces.
The centaur shoots an arrow.
The arrow hits you.
A centaur comes into view.
The centaur shoots an arrow.
The arrow hits you!
A centaur comes into view.
The centaur shoots an arrow.
The arrow closely misses you.
The centaur wields a +0 shortbow.
The centaur shoots an arrow.
The arrow hits you.
The centaur shoots an arrow.
The arrow hits you but does no damage.
You hear a shout!
Unknown command.
Unknown command.
The centaur shoots an arrow.
The arrow hits you.
A centaur comes into view.
The centaur shoots an arrow.
The arrow misses you.
The centaur shouts!
Unknown command.
The centaur shoots an arrow.
The arrow hits you.
The centaur shoots an arrow.
The arrow hits you but does no damage.
The centaur shoots an arrow.
The arrow hits you but does no damage.
The centaur shoots an arrow.
The arrow hits you!
* * * LOW HITPOINT WARNING * * *
Unknown command.
Unknown command.
Unknown command.
Really quaff the potion of attraction?
You feel attractive to monsters.
The centaur wields a +0 shortbow.
The centaur shoots an arrow.
The arrow hits you.
* * * LOW HITPOINT WARNING * * *
The adder misses you.
The centaur shoots an arrow.
The arrow hits you!
* * * LOW HITPOINT WARNING * * *
The centaur shoots an arrow.
The arrow barely misses you.
The centaur wields a +0 shortbow.
The centaur shoots an arrow.
The arrow hits you.
You die...

≈≈≈≈≈≈≈≈........≈
≈≈≈≈≈≈≈≈≈cccc..≈≈
≈≈≈≈≈≈≈≈≈≈≈cc≈≈≈≈
≈≈≈≈≈≈≈≈≈≈≈≈≈≈≈≈≈
#≈≈≈≈≈≈≈≈≈≈≈≈≈≈≈
.....≈≈≈≈≈≈≈b##.
##..≈≈≈≈......
#..........b..
....#.S@####...$.
# ##### ###


You could see 6 centaurs and an adder.

Vanquished Creatures
  Grinder (D:5)
  A black bear (D:4)
  A centaur (D:5)
  2 scorpions (D:5)
  3 wights (D:5)
  A bullfrog zombie (D:5)
  4 hounds
  A jelly (D:5)
  A gnoll shaman (D:5)
  An orc priest (D:3)
  An iguana (D:4)
  Ijyb (D:5)
  A scorpion zombie (D:5)
  7 orc wizards
  A hound zombie (D:3)
  A hound skeleton (D:5)
  A howler monkey zombie (D:5)
  10 gnolls
  6 adders
  2 worms
  4 dart slugs
  13 orcs
  7 endoplasms
  4 giant cockroaches
  5 hobgoblins
  9 jackals
  4 quokkas
  7 ball pythons
  7 bats
  4 frilled lizards
  6 goblins
  9 kobolds
  5 rats
131 creatures vanquished.

Notes
Turn   | Place    | Note
-------+----------+-------------------------------------------
     0 | D:1      | bjtr the Gargoyle Conjurer began the quest for the Orb.
     0 | D:1      | Reached XP level 1. HP: 10/10 MP: 3/3
   251 | D:1      | Reached XP level 2. HP: 16/16 MP: 0/5
   256 | D:1      | Learned a level 2 spell: Searing Ray
   381 | D:1      | Reached skill level 1 in Fighting
   815 | D:1      | Reached XP level 3. HP: 20/20 MP: 0/6
  1330 | D:2      | You fall into a shaft and drop 1 floor!
  1343 | D:3      | Reached skill level 5 in Conjurations
  1343 | D:3      | Reached XP level 4. HP: 23/25 MP: 2/7
  1660 | D:3      | Reached XP level 5. HP: 19/30 MP: 4/9
  1887 | D:3      | Found a bloodstained altar of Trog.
  2436 | D:3      | Found a glowing golden altar of the Shining One.
  2661 | D:2      | Reached XP level 6. HP: 34/36 MP: 7/10
  2982 | D:2      | Found a faded altar of an unknown god.
  3409 | D:4      | Reached skill level 1 in Armour
  3647 | D:4      | Reached skill level 6 in Conjurations
  3761 | D:4      | Found Qiuxiuxo's Weapon Shoppe.
  3935 | D:4      | Reached XP level 7. HP: 39/41 MP: 6/12
  4034 | D:4      | Identified the +7 war axe of Wefummots {freeze, rCorr
                  | Dex+2}
  4521 | D:5      | Entered Level 5 of the Dungeon
  4538 | D:5      | Reached skill level 1 in Axes
  4756 | D:5      | Found a basalt altar of Yredelemnul.
  4812 | D:5      | Reached XP level 8. HP: 48/48 MP: 13/13
  5021 | D:5      | Noticed Grinder
  5038 | D:5      | Paralysed by Grinder for 4 turns
  5044 | D:5      | Paralysed by Grinder for 4 turns
  5055 | D:5      | Killed Grinder
  5059 | D:5      | HP: 1/48 [bullfrog zombie (3)]
  5379 | D:5      | Found a shadowy altar of Dithmenos.
  5394 | D:5      | Noticed Ijyb
  5405 | D:5      | HP: 1/48 [disintegration (21)]
  5408 | D:5      | Killed Ijyb
  6167 | D:3      | Found a hide-covered altar of Uskayaw.
  6338 | D:6      | HP: 1/48 [centaur/arrow (9)]
  6338 | D:6      | Shot with an arrow by a centaur

Illustrated notes

Levels and vault maps discovered:
D:1:      lemuel_arrival_river_ford, layout_rooms
D:2:      layout_basic, basic_ecumenical_altar
D:3:      layout_loops_ring, marbit_many_paths, lemuel_coloured_pillars_altar,
          nicolae_overflow_hidden_temple
D:4:      layout_rooms, serial_shops, nicolae_shop_behind_doors,
          minmay_starry_boxes
D:5:      layout_loops_ring, lemuel_doored_altar,
          nicolae_dithmenos_shadow_blocks, kennysheep_windowed_goal, uniq_ijyb,
          uniq_grinder
D:6:      layout_loops_ring, xom_butterflies, elyvilon_altar_5, tgw_fedhas,
          minmay_temple_entry_ruins, st_stairs_11, centaur_isle,
          uniq_prince_ribbit1, uniq_eustachio

Skill      XL: |  1  2  3  4  5  6  7  8 |
---------------+-------------------------+-----
Fighting       | 1 2 3 4 |  4.0
Conjurations   | 5 6 |  6.8
Spellcasting   | 3 4 |  4.1
Armour         | 2 3 |  3.2
Dodging        | 2 |  2.8
Stealth        | 3 4 |  4.0
Axes           | 1 4 |  4.2
Short Blades   | |  0.9

Action                   |  1- 3 |  4- 6 |  7- 9 || total
-------------------------+-------+-------+-------++-------
Melee: Unarmed           |     2 |       |       ||     2
       Short sword       |    11 |     6 |       ||    17
       Flail             |       |   111 |    16 ||   127
       War axe           |       |       |    85 ||    85
 Cast: Magic Dart        |    43 |     6 |       ||    49
       Searing Ray       |     4 |    12 |     8 ||    24
  Use: Scroll            |     3 |     2 |     1 ||     6
       Potion            |       |       |     2 ||     2
 Stab: Sleeping          |       |     5 |     2 ||     7
Armor: Robe              |     8 |    14 |       ||    22
       Leather armour    |       |    57 |    61 ||   118
Dodge: Dodged            |    10 |   105 |    58 ||   173

Table legend: (Time is in decaauts)
 A = Elapsed time spent in this place.
 B = Non-inter-level travel time spent in this place.
 C = Inter-level travel time spent in this place.
 D = Time resting spent in this place.
 E = Time spent auto-exploring this place.
 F = Levels seen in this place.
 G = Mean time per level.
                   A        B        C        D        E       F      G
               +--------+--------+--------+--------+--------+-----+--------+
         Total |   6429 |   6175 |    254 |   1762 |   3242 |   6 | 1071.5 |
       Dungeon |   6429 |   6175 |    254 |   1762 |   3242 |   6 | 1071.5 |
               +--------+--------+--------+--------+--------+-----+--------+

Top non-repeatable levels by time:
     D:5: 1813 daAuts
     D:3: 1371 daAuts
     D:1: 1324 daAuts
     D:4: 1174 daAuts
     D:2: 739 daAuts
     D:6: 5 daAuts
